Unix NetHack Version 5.0.0-0 post-release - last build May 31 2026 23:59:36 (970b52f25bf058293b47ddfd14a1e40e571c508c,branch:main).

Game began 2026-06-09 11:54:29, ended 2026-06-09 12:00:40.

ARFwashere, neutral male human Tourist

                                                               ------------
          -----------                                          |..........|
         #....:.....-#                                         |..........|
         h|.........|#                   ---------           ##...........|
         @|.........|#   -----+-         |.......|           # |..........|
         f|.{.......|#   |....`.        #........|       ######..<........|
         #--------.--#   |.....|         |........########  ###------------
         ###         #   |...{..###      ---.-----
           #         #   -.-----  #         #
           #         # ####       #     #####
 ----------#         # #          #    -.----
 |.%())]..|#         ###          #### |....|
 |!.?...[.|#       ####              # |..>.|
 |%?.[.[..-#       #--.---------     ##.....|
 ----------        #|..........|       ------
                   #..........>|
                    ------------

ARFwashere the Rambler      St:11 Dx:9 Co:16 In:13 Wi:10 Ch:16  Neutral
Dlvl:2  $:880 HP:0(18) Pw:5(5) AC:4  Xp:2 T:828  Burdened

Latest messages:
 You have a little trouble lifting w - a scroll labeled ANDOVA BEGARIN.
 You see here a pair of walking shoes (for sale, 11 zorkmids).
 You don't have anything else to wear.
 You see here a studded leather armor (for sale, 25 zorkmids).
 You see here a pair of walking shoes (for sale, 11 zorkmids).
 "For you, most gracious sir; only 50 zorkmids for this pair of riding boots."
 You have a little trouble lifting r - a pair of riding boots (unpaid, 50 zorkmids).
 What do you want to drop? [$a-eg-pr-w or ?*] r
 You drop a pair of riding boots (unpaid, 50 zorkmids).
 The kitten picks up a cyan potion.
 The kitten drops a cyan potion.
 The kitten picks up a cyan potion.
 The kitten drops a cyan potion.
 The kitten picks up a cyan potion.
 The kitten drops a cyan potion.
 The kitten picks up a cyan potion.
 The kitten drops a cyan potion.
 You see here a cyan potion (no charge).
 You have a little trouble lifting x - a cyan potion.
 The kitten picks up a scroll labeled ZLORFIK.
 The kitten drops a scroll labeled ZLORFIK.
 The kitten picks up a scroll labeled ZLORFIK.
 The kitten drops a scroll labeled ZLORFIK.
 Talk to whom? (in what direction) h
 The kitten purrs.
 You see here a scroll labeled ZLORFIK (no charge).
 You have a little trouble lifting y - a scroll labeled ZLORFIK.
 You see here a pair of riding boots (for sale, 50 zorkmids).
 You see here a pair of walking shoes (for sale, 11 zorkmids).
 You see here a studded leather armor (for sale, 25 zorkmids).
 "For you, most gracious sir; only 25 zorkmids for this studded leather armor."
 You have a little trouble lifting z - a studded leather armor (unpaid, 25 zorkmids).
 What do you want to drop? [$a-eg-ps-z or ?*] z
 You drop a studded leather armor (unpaid, 25 zorkmids).
 You do not owe Akureyri anything.
 You miss the red mold.
 You are suddenly very hot!
 In what direction? y
 You kill it!
 You have a little trouble lifting a - a +2 dart (at the ready) (37 in total).
 The hobbit thrusts his runed dagger.
 The hobbit hits!
 You hit the hobbit.
 The hobbit thrusts his runed dagger.
 The hobbit hits!
 The hobbit thrusts his runed dagger.
 The hobbit hits!
 You die...
 Do you want your possessions identified? [ynq] (y) y
 Do you want to see your attributes? [ynq] (y) q

Inventory:
 Coins    ('$')
  $ - 880 gold pieces
 Weapons  (')')
  a - 37 +2 darts (at the ready)
  t - a +0 dagger
 Armor    ('[')
  j - an uncursed +0 Hawaiian shirt with a toucan motif (being worn)
  p - an uncursed +0 banded mail (being worn)
 Comestibles  ('%')
  c - an uncursed cram ration
  b - 8 uncursed food rations
  e - an uncursed tin of sauteed fox meat
  d - an uncursed egg
 Scrolls  ('?')
  w - a blessed scroll of destroy armor
  o - a cursed scroll of earth
  y - an uncursed scroll of enchant weapon
  i - 2 blessed scrolls of magic mapping
  h - 2 uncursed scrolls of magic mapping
 Potions  ('!')
  g - 2 uncursed potions of extra healing
  n - a cursed potion of healing
  x - an uncursed potion of levitation
  s - an uncursed potion of water
 Wands    ('/')
  u - a wand of secret door detection (0:14)
 Tools    ('(')
  l - an uncursed credit card
  k - an expensive camera (0:52)
  v - an uncursed lock pick
 Gems/Stones  ('*')
  m - 2 uncursed worthless pieces of white glass

ARFwashere the Tourist's attributes:

Background:
 You were a Rambler, a level 2 male human Tourist.
 You were neutral, on a mission for The Lady
 who was opposed by Blind Io (lawful) and Offler (chaotic).
 You were right-handed.
 You were in the Dungeons of Doom, on level 2.
 You entered the dungeon 828 turns ago.
 You had 28 experience points, 12 more were needed to attain level 3.

Basics:
 You had 0 out of 18 hit points.
 You had all 5 energy points (spell power).
 Your armor class was 4.
 Your wallet contained 880 zorkmids.
 Autopickup was on for '$' plus thrown.

Final Characteristics:
 Your strength was 11 (limit:18/100).
 Your dexterity was 9 (limit:18).
 Your constitution was 16 (limit:18).
 Your intelligence was 13 (limit:18).
 Your wisdom was 10 (limit:18).
 Your charisma was 16 (limit:18).

Final Status:
 You weren't hungry.
 You were burdened; movement was slightly slowed.
 You were bare handed.
 You were unskilled in bare handed combat.

Final Attributes:
 You were fervently aligned.
 You were warded.
 You are dead.

Miscellaneous:
 You didn't encounter any bones levels.
 Total elapsed playing time was 6 minutes and 11 seconds.

Major events:
 Turn
    1: ARFwashere the neutral male human Tourist entered the dungeon
  342: entered the Gnomish Mines
  828: killed by a hobbit

You didn't know any spells.

Skills:
 Fighting Skills
   bare handed combat [Unskilled]
   two weapon combat  [Unskilled]
   riding             [Unskilled]
 Weapon Skills
   dagger             [Unskilled]
   knife              [Unskilled]
   axe                [Unskilled]
   pick-axe           [Unskilled]
   short sword        [Unskilled]
   broadsword         [Unskilled]
   long sword         [Unskilled]
   two-handed sword   [Unskilled]
   saber              [Unskilled]
   mace               [Unskilled]
   morning star       [Unskilled]
   flail              [Unskilled]
   hammer             [Unskilled]
   quarterstaff       [Unskilled]
   polearms           [Unskilled]
   spear              [Unskilled]
   trident            [Unskilled]
   lance              [Unskilled]
   bow                [Unskilled]
   sling              [Unskilled]
   crossbow           [Unskilled]
   dart               [Basic]
   shuriken           [Unskilled]
   boomerang          [Unskilled]
   whip               [Unskilled]
   unicorn horn       [Unskilled]
 Spellcasting Skills
   divination spells  [Unskilled]
   enchantment spells [Unskilled]
   escape spells      [Unskilled]

Voluntary challenges:
 Character rerolling was not enabled.
 You never hit with a wielded weapon.
 You never genocided any monsters.
 You never polymorphed an object.
 You never changed form.
 You used no wishes.
Achievements:
 You entered the Gnomish Mines.
 You entered a shop.

 The Dungeons of Doom: levels 1 to 2
    Level 1:
       An altar.
    Level 2: <- You were here.
       A general store, some fountains.
       Stairs down to The Gnomish Mines.
       Final resting place for
          you, killed by a hobbit.
 The Gnomish Mines:
    Level 3:


Vanquished creatures:
  a red mold
  3 jackals
  2 kobolds
  a sewer rat
  a lichen
  4 newts
12 creatures vanquished.

No species were genocided or became extinct.

Game over:
                       ----------
                      /          \
                     /    REST    \
                    /      IN      \
                   /     PEACE      \
                  /                  \
                  |    ARFwashere    |
                  |      880 Au      |
                  |   killed by a    |
                  |      hobbit      |
                  |                  |
                  |                  |
                  |       2026       |
                 *|     *  *  *      | *
        _________)/\\_//(\/(/\)/\//\/|_)_______

Aloha ARFwashere the Tourist...

You died in The Dungeons of Doom on dungeon level 2 with 248 points,
and 880 pieces of gold, after 828 moves.
You were level 2 with a maximum of 18 hit points when you died.

